 Dungeon Crawl Stone Soup version 0.30.1-4-g462c640d31 (webtiles) character file.

Game seed: 15466269952921872562

40 hawla the Firebug (level 4, -1/49 HPs)
             Began as a Meteoran Fire Elementalist on Sept 3, 2023.
             Slain by an orc
             ... wielding a +0 hand axe
              (4 damage)
             ... on level 3 of the Dungeon.
             The game lasted 00:01:58 (443 turns).

hawla the Firebug (Meteoran Fire Elementalist)       Turns: 443, Time: 00:01:59

Health: -1/49      AC:  2    Str: 10    XL:     4   Next: 0%
Magic:  6/10       EV: 12    Int: 18    God:
Gold:   26         SH:  0    Dex: 14    Spells: 6/9 levels left

rFire   . . .        g - +2 flail
rCold   . . .        (no shield)
rNeg    . . .        a - +0 robe
rPois   .            (no helmet)
rElec   .            (no cloak)
rCorr   .            (no gloves)
SInv    .            (no boots)
Will    .....        (no amulet) Stlth
                     (no ring)
HPRegen 0.28/turn    (no ring)
MPRegen 0.12/turn

%: no passive effects
@: confused, berserking, very slightly contaminated, glowing, very quick
A: sense surroundings 1, otherworldly, glowing, explore regen
a: no special abilities


You were on level 3 of the Dungeon.
You visited 1 branch of the dungeon, and saw 3 of its levels.

You collected 26 gold pieces.

Inventory:

Hand Weapons
 g - a +2 flail (weapon)
Armour
 a - a +0 robe (worn)
Scrolls
 c - a scroll of teleportation {unknown}
 d - a scroll of identify {unknown}
 e - a scroll of vulnerability {unknown}
 f - a scroll of magic mapping {unknown}
 i - 2 scrolls of blinking {unknown}


   Skills:
 + Level 2.6 Dodging
 - Level 1.4 Stealth
 + Level 3.4 Spellcasting
 + Level 1.7 Conjurations
 + Level 4.5 Fire Magic


You had 6 spell levels left.
You knew the following spells:

 Your Spells              Type           Power      Damage    Failure   Level
a - Foxfire               Conj/Fire      56%        2x1d6     4%          1
b - Scorch                Fire           38%        2d7       3%          2

Your spell library contained the following spells:

 Spells                   Type           Power      Damage    Failure   Level
 Inner Flame              Hex/Fire       11%        N/A       19%         3
 Volatile Blastmotes      Fire/Tloc      22%        2d11      19%         3
 Flame Wave               Conj/Fire      14%        2d6       38%         4


Dungeon Overview and Level Annotations

Branches:
Dungeon (3/15) Zot: 1355

Altars:


Innate Abilities, Weirdness & Mutations

You passively map a small area around you.
You are easily found by Zot.
You glow in the dark.
You regain HP and MP as you explore.


Message History

The orc wizard hits you with a +0 dagger.
The orc barely misses you. The giant cockroach closely misses you.
Casting: Foxfire (safe; 4% risk of failure)
Confirm with . or Enter, or press ? or * to list all spells.
Flames lash the orc but do no damage.
The giant cockroach barely misses you. The orc hits you but does no damage.
The orc hits you with a +0 dagger.
The orc wizard hits you with a +0 dagger.
Unknown command.
Casting: Scorch (safe; 3% risk of failure)
Confirm with . or Enter, or press ? or * to list all spells.
You miscast Foxfire.
You are very lightly contaminated with residual magic.
Nothing appears to happen.
The giant cockroach completely misses you.
The orc wizard hits you with a +0 dagger.
The orc barely misses you. x2
Casting: Foxfire (safe; 4% risk of failure)
Confirm with . or Enter, or press ? or * to list all spells.
You conjure some foxfire!
The giant cockroach bites you but does no damage.
The orc hits you but does no damage. The orc wizard closely misses you.
The orc hits you with a +0 flail!
* * * LOW HITPOINT WARNING * * *
The giant cockroach barely misses you.
It was a potion of berserk rage.
A red film seems to cover your vision as you go berserk!
You feel yourself moving faster!
You feel mighty!
The foxfire hits the orc.
You kill the orc!
The foxfire hits the giant cockroach.
You kill the giant cockroach!
The orc hits you but does no damage. The orc wizard casts a spell at you.
You are confused.
You have reached level 4!
You bump into the rock wall.
You feel a strong urge to attack something.
The orc hits you with a +0 dagger.
* * * LOW HITPOINT WARNING * * *
The orc wizard misses you. The orc hits you with a +0 hand axe.
You die...

* * ,, * * ,
** , , , ** *
, * * , * *#+#
* * #.# * ##
#<# * ,,
##.##o## , ,,
** #[)ยง@o.# *
*
#......)o.[.#
*
...........#.#
##.#.......#.#
# ##...##.# #
, , * *##...
.. ....,.#. ,
#####*####* *


You could see an orc wizard and 2 orcs.

Vanquished Creatures
  A gnoll (D:1)
  5 orcs (D:3)
  2 endoplasms (D:1)
  A giant cockroach (D:3)
  A goblin (D:2)
  3 hobgoblins (D:1)
  2 jackals (D:1)
  A kobold (D:2)
  A quokka (D:1)
  A bat (D:1)
  A frilled lizard (D:1)
  4 rats
23 creatures vanquished.

Vanquished Creatures (others)
  40 foxfires
40 creatures vanquished.

Grand Total: 63 creatures vanquished

Notes
Turn   | Place    | Note
-------+----------+-------------------------------------------
     0 | D:1      | hawla the Meteoran Fire Elementalist began the quest for
                  | the Orb.
     0 | D:1      | Reached XP level 1. HP: 14/14 MP: 5/5
    65 | D:1      | Reached XP level 2. HP: 20/20 MP: 4/6
    71 | D:1      | Reached skill level 4 in Fire Magic
   151 | D:1      | Reached XP level 3. HP: 26/26 MP: 3/8
   154 | D:1      | Learned a level 2 spell: Scorch
   443 | D:3      | Reached XP level 4. HP: 4/33 MP: 6/10
   443 | D:3      | Slain by an orc

Illustrated notes

Levels and vault maps discovered:
D:1:      spicycebolla_green_bress_n_ham, layout_loops_ring,
          minmay_misc_feat_room, chequers_serial_rivers_micro_b, minivault_11
D:2:      layout_loops_corners
D:3:      kb_forest_paths, layout_loops_corners, trog_wizard,
          shapermc_ecumenical_altar_ellora, hangedman_decor_points

Skill      XL: |  1  2 |
---------------+-------+-----
Fire Magic     | 4 |  4.5
Spellcasting   | 3 |  3.4
Dodging        | |  2.6
Stealth        | |  1.4
Conjurations   | |  1.7

Action                     |  1- 3 |  4- 6 || total
---------------------------+-------+-------++-------
  Melee: Unarmed           |     2 |       ||     2
         Flail             |     4 |       ||     4
   Cast: Foxfire           |    24 |       ||    24
         Scorch            |     8 |       ||     8
    Use: Scroll            |     2 |       ||     2
         Potion            |     2 |       ||     2
 Armour: Robe              |     7 |       ||     7
  Dodge: Dodged            |    19 |     1 ||    20
